 Dungeon Crawl Stone Soup version 0.19.1-1-g22dce08 (webtiles) character file.

159 Kwzr the Insei (level 5, 0/46 HPs)
             Began as a Draconian Monk on Jan 12, 2017.
             Was a Believer of Makhleb.
             Succumbed to a worker ant's poison
             ... on level 3 of the Dungeon.
             The game lasted 00:12:39 (2140 turns).

Kwzr the Insei (Draconian Monk)                     Turns: 2140, Time: 00:12:39

Health: 0/46       AC:  5    Str: 17    XL:     5   Next: 17%
Magic:  5/5        EV: 14    Int: 10    God:    Makhleb [**....]
Gold:   116        SH:  0    Dex: 14    Spells: 0 memorised, 4 levels left

rFire  . . .     SeeInvis .       - Unarmed
rCold  . . .     Gourm    .     (armour unavailable)
rNeg   . . .     Faith    .     (no shield)
rPois  .         Spirit   .     (helmet restricted)
rElec  .         Reflect  .     (no cloak)
rCorr  .         Harm     .     (no gloves)
MR     .....                    (no boots)
Stlth  ++........               (no amulet)
                                (no ring)
                                e - +3 ring of strength

@: lethally poisoned (0 -> -5), very slightly contaminated
A: unfitting armour, cold-blooded, AC +5
a: Minor Destruction, Renounce Religion


You were on level 3 of the Dungeon.
You worshipped Makhleb.
Makhleb was pleased with you.
You were not hungry.

You visited 2 branches of the dungeon, and saw 5 of its levels.

You collected 116 gold pieces.

Inventory:

Hand Weapons
 o - a +0 great sword
 q - a +0 hand axe of electrocution
 w - a +1 quarterstaff of draining
Missiles
 l - 110 bolts
 r - 2 tomahawks of returning (quivered)
 s - 19 poisoned needles
 u - 4 tomahawks
Jewellery
 e - a +3 ring of strength (left hand)
Scrolls
 b - a scroll of recharging {unknown}
 c - 2 scrolls of magic mapping {unknown}
 d - 2 scrolls of remove curse {unknown}
 k - a scroll of immolation {unknown}
 m - a scroll of teleportation {unknown}
 p - 3 scrolls of identify
 t - a scroll of random uselessness {unknown}
Comestibles
 a - 2 bread rations
 f - a meat ration
 g - a slice of pizza
 n - 2 beef jerkies
 v - a royal jelly


   Skills:
 + Level 3.9 Fighting
 + Level 3.8 Dodging
 - Level 2.0 Stealth
 + Level 4.6 Unarmed Combat


You had 4 spell levels left.
You didn't know any spells.

Dungeon Overview and Level Annotations

Branches:
Dungeon (4/15)             Temple (1/1) D:4

Altars:
Ashenzari
Cheibriados
Dithmenos
Gozag
Hepliaklqana
Makhleb
Nemelex Xobeh
Qazlal
Sif Muna
Uskayaw
Xom
Yredelemnul
Zin
The Shining One

Annotations:
D:4 McKennaii's ghost, novice HEAE


Innate Abilities, Weirdness & Mutations

Your plain brown scales are hard. (AC +5)
You cannot fit into any form of body armour.
You are cold-blooded and may be slowed by cold attacks.


Message History

The worker ant poisons you!
You hit the worker ant.
The worker ant is lightly wounded.
You feel sick. The worker ant bites you.
* * * LOW HITPOINT WARNING * * *
You barely miss the worker ant. You tail-slap the worker ant.
The worker ant is moderately wounded.
You feel sick. The worker ant completely misses you. The worker ant bites you.
* * * LOW HITPOINT WARNING * * *
It was a potion of magic.
Magic courses through your body. The worker ant bites you.
* * * LOW HITPOINT WARNING * * *
Press: ? - help, Shift-Dir - straight line, f - worker ant
Aim: a worker ant (moderately wounded)
The zap hits the worker ant.
The worker ant appears unharmed.
The worker ant is moderately wounded.
The zap hits the worker ant.
The worker ant is heavily wounded.
The zap misses you.
You die...

########### #.........#
#.........# #.........# ####
#######.).......# #..##
###...............#
#...######......##.........)
##......##......##...⌠.⌠...# ####
###.##....@....####.._..###
...######..####.a....# ##⌠.⌠.##
..(.>...##.## #...#..### ##.#..##
..)#........###.#.##...####.##..#
...###.####.....#.###.....#.###.#
#### #..###.....#.# #.###.#.# #.#
##....#....#.# #.###...###÷#
####.##...#.# #.##......#..
#.##...#.# #.##.........


You could see a worker ant.

Vanquished Creatures
  9 adders
  An ooze (D:1)
  2 dart slugs (D:2)
  2 leopard geckos
  An orc (D:3)
  2 giant cockroaches
  5 goblins
  7 hobgoblins (D:2)
  14 jackals
  2 quokkas (D:3)
  A ball python (D:3)
  9 bats
  A frilled lizard (D:1)
  8 kobolds
  5 rats
69 creatures vanquished.

Vanquished Creatures (others)
  A scorpion (D:4)
  A howler monkey skeleton (D:4)
2 creatures vanquished.

Grand Total: 71 creatures vanquished

Notes
Turn   | Place    | Note
-------+----------+-------------------------------------------
     0 | D:1      | Kwzr the Draconian Monk began the quest for the Orb.
     0 | D:1      | Reached XP level 1. HP: 19/19 MP: 1/1
   181 | D:1      | Reached XP level 2. HP: 17/26 MP: 2/2
   596 | D:2      | Reached XP level 3. HP: 29/31 MP: 3/3
   747 | D:2      | Reached skill level 4 in Unarmed Combat
   906 | D:2      | Reached XP level 4. HP: 30/38 MP: 4/4
  1420 | D:3      | Found a sparkling altar of Nemelex Xobeh.
  1745 | D:3      | Reached XP level 5. HP: 46/46 MP: 5/5
  1923 | D:4      | Found a staircase to the Ecumenical Temple.
  1923 | D:4      | Noticed an ogre
  1930 | Temple   | Entered the Ecumenical Temple
  2017 | Temple   | Became a worshipper of Makhleb the Destroyer
  2017 | Temple   | Reached * piety under Makhleb
  2017 | Temple   | Reached ** piety under Makhleb
  2077 | D:4      | Noticed McKennaii's ghost (novice HEAE)
  2139 | D:3      | HP: 2/46 [worker ant (5)]
  2140 | D:3      | Succumbed to a worker ant's poison

Skill      XL: |  1  2  3 |
---------------+----------+-----
Stealth        | 2 |  2.0
Dodging        | 3 |  3.8
Unarmed Combat | 4 |  4.6
Fighting       | |  3.9

Action                   |  1- 3 |  4- 6 || total
-------------------------+-------+-------++-------
Melee: Unarmed           |   115 |   108 ||   223
       Tailslap          |    15 |     8 ||    23
       Punch             |     2 |     1 ||     3
Throw: Tomahawk          |       |    23 ||    23
Invok: Minor Destruction |       |     1 ||     1
  Use: Scroll            |       |     3 ||     3
       Potion            |       |     1 ||     1
 Stab: Sleeping          |     4 |     3 ||     7
       Distracted        |       |     1 ||     1
  Eat: Chunk             |       |     4 ||     4
Armor: Skin              |    29 |    37 ||    66
Dodge: Dodged            |    79 |    95 ||   174
